[Event "*** Titled Tuesday Blitz"]
[Site "Chess.com"]
[Date "2021.02.02"]
[Round "1"]
[White "Annawel"]
[Black "Vamostodorecto"]
[Result "1-0"]
[WhiteElo "2926"]
[BlackElo "2469"]
[TimeControl "180+1"]
[EndTime "10:07:25 PST"]
[Termination "Annawel won on time"]

1. e4 e5 2. d3 Nc6 3. Nd2 Nf6 4. g3 d5 5. Bg2 Be6 6. Ngf3 h6 7. O-O dxe4 8. dxe4 Qd7 9. c3 Bc5 10. b4 Bd6 11.
Qe2 Bh3 12. Nc4 Bxg2 13. Kxg2 Qe6 14. b5 Ne7 15. a4 g5 16. Nxd6+ cxd6 17. Ba3 Ng6 18.
Rad1 Rd8 19. Nd2 h5 20. f3 h4 21. Rh1 h3+ 22. Kf2 d5 23. Rhe1 Qb6+ 24. Kf1 g4 25.
exd5 Rxd5 26. Nc4 Qe6 27. Rxd5 Qxd5 28. Nxe5 Nxe5 29. Qxe5+ Qxe5 30. Rxe5+ Kd7 31. Re7+ Kc8 32. Rxf7 Nd5 33. Rf8+ Rxf8 34. Bxf8 gxf3 35. Kf2 Nxc3 36. Bg7 Nxa4 37. Bd4 a6 38. bxa6 bxa6 39. Kxf3 Kd7 40. g4 Ke6 41. Kg3 a5 42. Kxh3 Kd5 43. g5 Kxd4 44.
g6 Nc5 45. g7 1-0

[Event "*** Titled Tuesday Blitz"]
[Site "Chess.com"]
[Date "2021.02.02"]
[Round "1"]
[White "chess4ever007"]
[Black "jacky72"]
[Result "0-1"]
[WhiteElo "2363"]
[BlackElo "2675"]
[TimeControl "180+1"]
[EndTime "10:07:25 PST"]
[Termination "jacky72 won by resignation"]

1. Nf3 Nf6 2. g3 g6 3. b3 Bg7 4. Bb2 O-O 5. Bg2 d6 6. d4 c5 7. O-O cxd4 8. Nxd4 a6 9. c4 Qc7 10. Nc3 Nc6 11. Rc1 Nxd4 12. Qxd4 Be6 13. Rfd1 Rac8 14.
Qd2 Qd7 15. Na4 Rb8 16. Nb6 Qc7 17. Bd4 Nd7 18. Nd5 Qd8 19. Qg5 Bxd5 20. cxd5 Nf6 21. Qe3 Qd7 22. Rc2 Rfc8 23. Rdc1 Rxc2 24. Rxc2 Ng4 25.
Qc3 Bxd4 26. Qxd4 Rc8 27. Rxc8+ Qxc8 28. Bh3 Qc1+ 29. Kg2 Nf6 30. Qc4 Qd2 31. Bc8 b5 32. Qd3 Qxd3 33. exd3 a5 34. Bb7 b4 35. Kf3 Kf8 36. Bc6 Kg7 37. h3 h5 38. Ke3 g5 39. Kd4 h4 40. g4 Nxg4 41. f3 Nf2 42. Bd7 Kg6 43. Ke3 Nd1+ 44. Kd2 Nc3 45. a4 Nxd5 46.
d4 e6 47. Kd3 Nf4+ 48. Kc4 Nxh3 49. d5 Nf4 50. dxe6 fxe6 0-1

[Event "*** Titled Tuesday Blitz"]
[Site "Chess.com"]
[Date "2021.02.02"]
[Round "1"]
[White "kingofthenil"]
[Black "tteshan"]
[Result "1-0"]
[WhiteElo "2652"]
[BlackElo "2345"]
[TimeControl "180+1"]
[EndTime "10:07:25 PST"]
[Termination "kingofthenil won by resignation"]

1. e4 c5 2. d3 Nc6 3. g3 g6 4. Bg2 Bg7 5. f4 e6 6. Nf3 Nge7 7. O-O d5 8. c3 Rb8 9. Na3 b5 10. Nc2 O-O 11. e5 b4 12. cxb4 Nxb4 13. Be3 Qa5 14. Nxb4 cxb4 15. Qd2 Bd7 16. Nd4 Rfc8 17. a3 Nc6 18.
Nb3 Qc7 19. a4 Na5 20. Nc5 Qd8 21. Qf2 Bf8 22. Rfc1 Bxc5 23. Rxc5 Rxc5 24. Bxc5 Nb3 25. Re1 Rc8 26. Bxa7 Qa5 27. Bb6 Qxa4 28. h4 h5 29. Bf3 Qb5 30. Rd1 Nc1 31. Qe3 Na2 32. Bd4 Rc2 33. Rd2 b3 34. Bd1 Rc1 35. Kf2 Qb7 36. Bf3 Nb4 37. Bc3 Nc2 38. Qc5 Rb1 39. g4 hxg4 40.
Bxg4 Qc6 41. Qe7 Qc8 42. h5 gxh5 43. Bxh5 Qf8 44. Qxd7 Qh6 45. Qxf7+ Kh8 46. Qf6+ Qxf6 47. exf6 1-0

[Event "*** Titled Tuesday Blitz"]
[Site "Chess.com"]
[Date "2021.02.02"]
[Round "1"]
[White "Ajedrez_con_German"]
[Black "Eloist"]
[Result "1/2-1/2"]
[WhiteElo "2621"]
[BlackElo "2338"]
[TimeControl "180+1"]
[EndTime "10:07:25 PST"]
[Termination "Game drawn by repetition"]

1. Nf3 Nf6 2. d4 b6 3. c4 e6 4. g3 Bb7 5. Bg2 Be7 6. O-O O-O 7. Nc3 Ne4 8. Nxe4 Bxe4 9. Ne1 f5 10. Bxe4 fxe4 11.
Qc2 d5 12. Ng2 Bf6 13. Be3 Qd7 14. Rac1 c6 15. b4 Na6 16. a3 Rac8 17. Qa4 Nb8 18.
Qb3 b5 19. cxb5 cxb5 20. Rc5 Na6 21. Rxc8 Rxc8 22. Rd1 Rc4 23. Ne1 Qc6 24. Qb2 Nc7 25. h4 Ne8 26. Bf4 Nd6 27. Bxd6 Qxd6 28. e3 Qc7 29. Kf1 g6 30. Rd2 Kg7 31. Rc2 h6 32.
Rxc4 Qxc4+ 33. Qe2 e5 34. dxe5 Bxe5 35. Nc2 Bb2 36.
Qxc4 dxc4 37. Ke2 Kf6 38. f3 Ke5 39. f4+ Kf5 40. Kf2 Kg4 41. Kg2 g5 42. fxg5 hxg5 43. hxg5 Kxg5 44. Kh3 Kh5 45. g4+ Kg5 46. Kg3 Be5+ 47.
Kh3 Bb2 48. Kg3 Be5+ 49. Kh3 Bb2 1/2-1/2

[Event "*** Titled Tuesday Blitz"]
[Site "Chess.com"]
[Date "2021.02.02"]
[Round "1"]
[White "louis198"]
[Black "Zarikovs1999"]
[Result "1-0"]
[WhiteElo "2603"]
[BlackElo "2299"]
[TimeControl "180+1"]
[EndTime "10:07:27 PST"]
[Termination "louis198 won on time"]

1. d4 Nf6 2. c4 e6 3. Nc3 Bb4 4. Qb3 c5 5. e3 O-O 6. Bd3 d5 7. Ne2 dxc4 8. Bxc4 Nc6 9. dxc5 Bxc5 10. O-O Na5 11.
Qb5 Qc7 12. Bb3 Rd8 13. Ng3 a6 14. Qe2 Nxb3 15. axb3 b6 16. e4 Bb7 17. Bg5 Qe5 18. Be3 Rac8 19. Na4 Bxe3 20. Qxe3 b5 21. Nc3 Qc5 22. Qe2 b4 23. Na4 Qc2 24. Qe3 Nxe4 25. Rac1 Qd2 26. Rxc8 Rxc8 27. Qb6 Rc1 28. Rxc1 Qxc1+ 29. Nf1 Qc8 30. Qxb4 Nf6 31. Nc5 Bd5 32. f3 h5 33. Ne3 Qc7 34. Qd4 Qb6 35. b4 Qb5 36. h3 Qe2 37. Nxd5 1-0

[Event "*** Titled Tuesday Blitz"]
[Site "Chess.com"]
[Date "2021.02.02"]
[Round "1"]
[White "ShapkinAnatoliy"]
[Black "Nils_03"]
[Result "1-0"]
[WhiteElo "2628"]
[BlackElo "2329"]
[TimeControl "180+1"]
[EndTime "10:07:28 PST"]
[Termination "ShapkinAnatoliy won by checkmate"]

1. d4 Nf6 2. c4 e6 3. g3 c5 4. d5 exd5 5. cxd5 g6 6. Nc3 d6 7. Nf3 Bg7 8. Bg2 O-O 9. O-O Re8 10. Nd2 a6 11. a4 Bg4 12. h3 Bd7 13. Nc4 Bc8 14. Bf4 Nh5 15. Bxd6 Nd7 16. g4 Nhf6 17.
e4 Nb6 18. Nxb6 Qxb6 19. e5 Nd7 20. a5 Qxb2 21. Na4 Qb4 22. e6 fxe6 23. dxe6 Ne5 24. Nb6 Bxe6 25. Nxa8 Rxa8 26. Bd5 Bxd5 27. Qxd5+ Nf7 28.
Rae1 Qd4 29. Qxb7 Rd8 30. Bg3 h5 31. Qxa6 hxg4 32. Rd1 Qxd1 33. Rxd1 Rxd1+ 34. Kh2 gxh3 35. Qc8+ Kh7 36. a6 Ra1 37. Qxh3+ Bh6 38. Qd7 Kg7 39. Be5+ Kg8 40. Bxa1 Ng5 41. Qe8+ Bf8 42. Qxg6+ Bg7 43. Qxg7# 1-0

[Event "*** Titled Tuesday Blitz"]
[Site "Chess.com"]
[Date "2021.02.02"]
[Round "1"]
[White "Aslanov_Umid"]
[Black "dukicz123"]
[Result "0-1"]
[WhiteElo "2299"]
[BlackElo "2604"]
[TimeControl "180+1"]
[EndTime "10:07:28 PST"]
[Termination "dukicz123 won by resignation"]

1. e4 e5 2. Nf3 Nc6 3. Bc4 Nf6 4.
d3 Bc5 5. c3 O-O 6. O-O d5 7.
exd5 Nxd5 8. h3 Kh8 9. a4 a6 10. Qe2 f6 11. b4 Be7 12. Bb2 Nf4 13. Qe3 Qe8 14. Kh1 Qh5 15. Nh2 Qg6 16. Rg1 Bf5 17. d4 Be4 18. Nf3 Nd5 19. Bxd5 Bxd5 20. Nbd2 e4 21. Nh4 Qh5 22. c4 Bxc4 23. Nxc4 Qxh4 24. Nd2 f5 25. Nf1 Nxb4 26. Rc1 Nd5 27. Qg3 f4 28.
Qxh4 Bxh4 29. Nh2 Bxf2 30. Rgf1 e3 31. Ng4 Bg3 32. Rc5 c6 33. Bc3 e2 34. Rg1 Rae8 35.
Be1 Re4 36. Bxg3 fxg3 37. Rcc1 Rxd4 38. Rce1 Re8 39. h4 Rxg4 0-1

[Event "*** Titled Tuesday Blitz"]
[Site "Chess.com"]
[Date "2021.02.02"]
[Round "1"]
[White "kidagent"]
[Black "Djager97"]
[Result "0-1"]
[WhiteElo "2263"]
[BlackElo "2573"]
[TimeControl "180+1"]
[EndTime "10:07:28 PST"]
[Termination "Djager97 won by resignation"]

1. e4 e5 2. Nf3 Nc6 3. Bb5 a6 4. Ba4 Nf6 5. O-O Be7 6. Re1 b5 7. Bb3 d6 8. a4 b4 9. c3 Bg4 10. h3 Bh5 11. d4 Bxf3 12. gxf3 O-O 13. d5 Nb8 14. cxb4 Nh5 15. Nc3 Bg5 16. Ne2 Nd7 17.
Kh2 Bxc1 18. Qxc1 Qh4 19. Qe3 f5 20. exf5 Rxf5 21. Rg1 Raf8 22. Rg4 Qf6 23. Ng1 Nf4 24. Rc1 h5 25. Rxf4 exf4 26. Qe6+ Rf7 27. Rxc7 Ne5 28. Rc8+ Kh7 29. Bc2 Ng6 30. Bxf5 Qxf5 31. Qxf5 Rxf5 32. Rc6 Rxd5 33. Rxa6 Rd2 34. Kg2 Rxb2 35. b5 Ne5 36. Rxd6 Nc4 37. Rd4 Ne3+ 38. Kh1 Rxf2 39. Rxf4 Nf1 40.
Ne2 Rxe2 41. b6 Rb2 42. a5 Ng3+ 43. Kg1 Ne2+ 44. Kf1 Nxf4 45. h4 Nd5 46. Ke1 Nxb6 47. axb6 Rxb6 0-1

[Event "*** Titled Tuesday Blitz"]
[Site "Chess.com"]
[Date "2021.02.02"]
[Round "1"]
[White "OMGCovid-19"]
[Black "EmirhanTarlabasi"]
[Result "0-1"]
[WhiteElo "1967"]
[BlackElo "2484"]
[TimeControl "180+1"]
[EndTime "10:07:28 PST"]
[Termination "EmirhanTarlabasi won on time"]

1. e4 c5 2. Nc3 e6 3. Bc4 a6 4. a4 b6 5. f4 Bb7 6. Nf3 Nf6 7. d3 d5 8. exd5 exd5 9. Ba2 Be7 10. O-O O-O 11. Ne5 Nbd7 12. Ne2 Re8 13. Ng3 Bd6 14. Nxd7 Qxd7 15. Nh5 Qf5 16. Nxf6+ Qxf6 17. Qg4 Re7 18. f5 h6 19. Bd2 Rae8 20. Rae1 Rxe1 21. Bxe1 Qxb2 22.
f6 Qd4+ 23. Qxd4 cxd4 24. fxg7 Kxg7 25. Bf2 Be5 26. Re1 f6 27. Bg3 Bc6 28. Bb3 Kf7 29. Bf2 Rc8 30. Re2 Bb7 31. Be1 Ke6 32.
Bd2 h5 33. h3 Kd6 34. Kf2 a5 35. g4 hxg4 36. hxg4 Rg8 37. Kf3 Bc8 38. Rg2 Rh8 39. g5 Rh3+ 40. Kf2 fxg5 0-1

[Event "*** Titled Tuesday Blitz"]
[Site "Chess.com"]
[Date "2021.02.02"]
[Round "1"]
[White "SergeiAza"]
[Black "ParvizGasimov"]
[Result "1-0"]
[WhiteElo "2786"]
[BlackElo "2408"]
[TimeControl "180+1"]
[EndTime "10:07:29 PST"]
[Termination "SergeiAza won on time"]

1. e4 e6 2. d4 d5 3. Nd2 c5 4. Ngf3 cxd4 5. Nxd4 Nf6 6. exd5 Nxd5 7. N2f3 Bb4+ 8.
Bd2 O-O 9. Bc4 Nc6 10. Nxc6 bxc6 11.
O-O Bxd2 12. Qxd2 Rb8 13. Bb3 Qf6 14. c3 Ba6 15. Rfe1 Rfd8 16. Qd4 Nf4 17. Qxa7 Be2 18. Qe3 Rd3 19. Qe5 Nh3+ 20. gxh3 Qg6+ 21. Ng5 Rb5 22. Rxe2 Rxe5 23. Rxe5 Rd2 24. Kh1 Qf6 25. Ra5 h6 26. Ra8+ Rd8 27. Rxd8+ Qxd8 28. Nf3 Qd3 29. Kg2 Qe2 30. Re1 Qxb2 31. Re3 Kf8 32. Ne5 Qc1 33. Nxc6 Qa3 34. Ne5 Qc5 35. Nd7+ 1-0

[Event "*** Titled Tuesday Blitz"]
[Site "Chess.com"]
[Date "2021.02.02"]
[Round "1"]
[White "jpS520"]
[Black "davidkalashian"]
[Result "0-1"]
[WhiteElo "2283"]
[BlackElo "2586"]
[TimeControl "180+1"]
[EndTime "10:07:29 PST"]
[Termination "davidkalashian won by resignation"]

1. e4 c6 2. d4 g6 3. Nc3 Bg7 4. Nf3 d6 5. Bf4 Nf6 6. Qd2 b5 7. Bd3 Nbd7 8. Bh6 Bxh6 9. Qxh6 e5 10. dxe5 dxe5 11. O-O Qe7 12. Rad1 Nc5 13. Rfe1 a6 14. a4 Ng4 15. Qg7 Rf8 16. axb5 axb5 17. Bxb5 cxb5 18. Nd5 Ne6 19. Qxh7 Qc5 20. Re2 Bb7 21. b4 Qa7 22. Ng5 Bxd5 23. exd5 Nxg5 24. Qh4 f6 25. Qxg4 Qd7 26.
Qh4 O-O-O 27. c4 Rh8 28. Qg3 Qf5 29. cxb5 Qf4 30. Qxf4 exf4 31. Rc1+ Kb8 32. Rc5 Rhe8 33. Rxe8 Rxe8 34. h4 Re1+ 35. Kh2 Ne4 36. Rc6 Nxf2 37. g3 f3 38. g4 Nxg4+ 39. Kg3 f2 0-1

[Event "*** Titled Tuesday Blitz"]
[Site "Chess.com"]
[Date "2021.02.02"]
[Round "1"]
[White "Boudicca64"]
[Black "Blitzking642"]
[Result "0-1"]
[WhiteElo "1884"]
[BlackElo "2482"]
[TimeControl "180+1"]
[EndTime "10:07:29 PST"]
[Termination "Blitzking642 won by resignation"]

1. e4 c5 2. g3 d5 3. exd5 Nf6 4. Nf3 Nxd5 5. Bg2 Nc6 6. O-O e5 7. Re1 f6 8. d4 cxd4 9. Nxd4 Nxd4 10. Qxd4 Be6 11.
Qa4+ Qd7 12. Qxd7+ Kxd7 13. Nd2 Rc8 14. c3 Be7 15.
Nb3 Rhd8 16. f4 exf4 17. Bxf4 Nxf4 18. gxf4 Bd6 19. Rad1 Bg4 20. Rd2 Kc7 21. h3 Bh5 22.
Nd4 Bc5 23. Kh2 Bxd4 24. cxd4 Rd7 25. Rc1+ Kb8 26. Rxc8+ Kxc8 27. h4 Kc7 28. Kg3 Kd6 29. Bh3 Re7 30. d5 Re3+ 31. Kg2 Re4 32. Kg3 Re3+ 33.
Kg2 Re2+ 34. Rxe2 Bxe2 35. Be6 Bc4 36. Bg8 Bxd5+ 37. Bxd5 Kxd5 38. Kf3 f5 39. Ke3 g6 40. Kd3 h6 41. Ke3 Kc4 42. b3+ Kc3 43. Kf3 Kd3 44.
h5 gxh5 45. Kg3 Ke3 46. Kh4 Kxf4 47. Kxh5 Ke3 48. Kxh6 f4 0-1

[Event "*** Titled Tuesday Blitz"]
[Site "Chess.com"]
[Date "2021.02.02"]
[Round "1"]
[White "AsaHoffmann"]
[Black "GoltsevDmitry2000"]
[Result "1-0"]
[WhiteElo "2360"]
[BlackElo "2635"]
[TimeControl "180+1"]
[EndTime "10:07:30 PST"]
[Termination "AsaHoffmann won by resignation"]

1. d4 Nf6 2. Bg5 Ne4 3. Bf4 c5 4. f3 Qa5+ 5. c3 Nf6 6. d5 Qb6 7. e4 Qxb2 8. Nd2 Qxc3 9. Bc7 d6 10. Rb1 Nbd7 11. Rb3 Qe5 12. Ba5 e6 13. Bc3 Qg5 14.
Nh3 Qh6 15. dxe6 fxe6 16. Nc4 d5 17. exd5 exd5 18. Bd2 Qh5 19. Re3+ Kd8 20. Nf4 Qh6 21. Ne6+ Ke7 22. Nxf8+ Kxf8 23. Re8+ Kxe8 24. Bxh6 gxh6 25.
Nd6+ Ke7 26. Nf5+ Kf7 27. Nxh6+ Kg6 28. Qc1 Re8+ 29. Kf2 Ne5 30. h3 b6 31. Ng4 Ng8 32.
Nxe5+ Rxe5 33. Bd3+ Bf5 34. Qf4 Rae8 35. Qg4+ Kf6 36.
Bxf5 Rxf5 37. Qh4+ Kg6 38. Re1 Rxe1 39. Kxe1 Nf6 40.
Qg3+ Kf7 41. Qc7+ Kg6 42. Qxa7 d4 43. Qxb6 Re5+ 44. Kd2 Rd5 45. g4 c4 46. f4 c3+ 47. Kd3 Kf7 48. f5 Nd7 49. Qe6+ Kf8 50. Qxd5 c2 51. Kxc2 1-0

[Event "*** Titled Tuesday Blitz"]
[Site "Chess.com"]
[Date "2021.02.02"]
[Round "1"]
[White "Natalya_Buksa"]
[Black "HElissalt"]
[Result "1-0"]
[WhiteElo "2570"]
[BlackElo "2255"]
[TimeControl "180+1"]
[EndTime "10:07:30 PST"]
[Termination "Natalya_Buksa won on time"]

1. d4 d5 2. Nc3 Nf6 3. Bf4 e6 4. e3 Bd6 5. Bd3 b6 6. g4 Bb7 7.
g5 Ne4 8. Bxe4 dxe4 9. Nge2 Nd7 10. Ng3 Bxf4 11. exf4 e3 12. f3 h6 13. Nge4 hxg5 14. fxg5 f5 15. gxf6 Nxf6 16. Qd3 Nxe4 17. Nxe4 Qh4+ 18.
Ng3 Qxg3+ 19. hxg3 Rxh1+ 20. Ke2 Rxa1 21. Qg6+ Kf8 22.
Kxe3 Re8 23. Kf2 Rd1 24. Qg4 Rd2+ 25. Ke3 Rh2 26. Qf4+ Kg8 27. Qxc7 Ba6 28. Qxa7 Re2+ 29. Kf4 Rf8+ 30. Kg4 Bc4 31. Qxb6 Bd5 32. f4 Rxc2 33. a4 Rf2 34. a5 Bf3+ 35. Kh3 Rf6 36. g4 Bxg4+ 37.
Kg3 R6xf4 38. Qb8+ Rf8 39. Qe5 Bf3 40. Qxe6+ Rf7 41. Qc8+ Kh7 42. Qh3+ 1-0

[Event "*** Titled Tuesday Blitz"]
[Site "Chess.com"]
[Date "2021.02.02"]
[Round "1"]
[White "FMKonstantin_Twitch"]
[Black "Gerryisplaying"]
[Result "1-0"]
[WhiteElo "2616"]
[BlackElo "2314"]
[TimeControl "180+1"]
[EndTime "10:07:31 PST"]
[Termination "FMKonstantin_Twitch won by resignation"]

1. e4 d5 2. exd5 Qxd5 3. Nc3 Qa5 4. Bc4 Nf6 5. h3 a6 6. Nf3 b5 7.
Bb3 e6 8. d4 Bb7 9. O-O Nbd7 10. Bd2 Qb6 11. Be3 c5 12. a4 b4 13. a5 Qc7 14.
Na4 c4 15. Ba2 Bd6 16. Nb6 Nxb6 17. axb6 Qc6 18. Qe2 Rc8 19. c3 b3 20. Bb1 O-O 21. Re1 h6 22. Qf1 Nd5 23. Nd2 Nxb6 24. Ne4 Bb8 25. Nc5 Nd5 26. Be4 Qc7 27. g3 Nxe3 28.
Rxe3 Bxe4 29. Rxe4 a5 30. Qxc4 Qb6 31. Qxb3 Qc6 32.
Rxa5 Bd6 33. Ra6 Qc7 34. Qb7 Bxg3 35. Qxc7 Bxc7 36. b4 Ra8 37. Re2 Rxa6 38. Nxa6 Bf4 39. Nc5 Ra8 40. Rb2 Ra1+ 41. Kg2 Rc1 42. Nd3 Rxc3 43.
Nxf4 Rc4 44. Ne2 Kf8 45. b5 Rc7 46. b6 Rb7 47. Nc3 Ke7 48. Na4 1-0

[Event "*** Titled Tuesday Blitz"]
[Site "Chess.com"]
[Date "2021.02.02"]
[Round "1"]
[White "Jospem"]
[Black "sara_khm"]
[Result "1-0"]
[WhiteElo "3051"]
[BlackElo "2476"]
[TimeControl "180+1"]
[EndTime "10:07:32 PST"]
[Termination "Jospem won by resignation"]

1. e4 e5 2. Nf3 Nc6 3. Bb5 a6 4. Ba4 Nf6 5. O-O b5 6. Bb3 Bc5 7. d3 d6 8. a4 Rb8 9. h3 h6 10. Nc3 O-O 11. Nd5 Nxd5 12. Bxd5 Ne7 13. Bb3 Ng6 14.
Be3 Qe7 15. Re1 Bxe3 16. fxe3 Be6 17. Bxe6 fxe6 18. axb5 axb5 19. Rf1 d5 20. exd5 exd5 21. Qe1 c5 22. Ra6 Rf6 23. Rxf6 Qxf6 24. Nd4 Qg5 25. Nf5 Rf8 26. g4 Ne7 27. Ng3 Rxf1+ 28. Kxf1 c4 29. Qf2 cxd3 30. cxd3 Qg6 31. Ke2 Qc6 32. Kd1 b4 33.
Qc2 Qb6 34. Ke2 d4 35. Qc4+ Kh7 36. Qf7 Qc7 37. Nh5 Qc2+ 38. Kf3 Qd1+ 39. Ke4 Qh1+ 40. Kxe5 Nc6+ 41. Kd6 Qh2+ 42. Kxc6 Qc2+ 43. Kb6 1-0

[Event "*** Titled Tuesday Blitz"]
[Site "Chess.com"]
[Date "2021.02.02"]
[Round "1"]
[White "GigaQuparadze"]
[Black "SergeyShtyka"]
[Result "1-0"]
[WhiteElo "3002"]
[BlackElo "2473"]
[TimeControl "180+1"]
[EndTime "10:07:32 PST"]
[Termination "GigaQuparadze won by resignation"]

1. e4 c5 2. Nf3 Nc6 3. Bb5 g6 4. c3 Bg7 5. d4 cxd4 6. cxd4 Qb6 7. Nc3 Nxd4 8. Nd5 Nxf3+ 9. Qxf3 Qd8 10. Bf4 e5 11. Rc1 exf4 12. Nc7+ Ke7 13. Qa3+ d6 14. Nxa8 Nf6 15. Nc7 Be6 16. e5 Nd5 17. Nxe6 fxe6 18. exd6+ Qxd6 19. Qxd6+ Kxd6 20. b3 Nc3 21. Bc4 b5 22.
Bd3 b4 23. O-O e5 24. Rfe1 a5 25. a3 g5 26. axb4 axb4 27. Ra1 Rc8 28. Ra6+ Rc6 29.
Rxc6+ Kxc6 30. Bxh7 Kc5 31. f3 Kd4 32. Kf2 Bf8 33.
g3 Bc5 34. Kg2 Nb5 35. Re4+ Kd5 36. h4 Nc3 37. Bg8+ Kd6 38. Rc4 gxh4 39. gxh4 Nd1 40.
Rc1 Ne3+ 41. Kh3 e4 42. fxe4 Bd4 43. h5 Be5 44. h6 f3 45. Bc4 f2 46. Be2 Ke7 47.
h7 Kf7 48. Rc8 f1=Q+ 49. Bxf1 Nxf1 50. h8=Q Bxh8 51. Rxh8 Nd2 52. Rb8 Nxb3 53. Rxb4 Nc5 54. Kg4 Ke6 55. Rc4 Nd3 56. Rd4 Ne5+ 57. Kf4 Ng6+ 58.
Ke3 Ne7 59. Ra4 Nc8 60. Ra6+ Ke5 61. Ra5+ Ke6 62. Kd4 Ne7 63. Ra6+ Kd7 64. e5 Nc6+ 65. Ke4 Nb4 66. Rh6 Ke7 67. Kf5 Nc2 68. Rh7+ Ke8 69. Kf6 Ne3 70. Rh8+ Kd7 71. e6+ Kd6 72. Rd8+ Kc7 73.
e7 Ng4+ 74. Ke6 1-0

[Event "*** Titled Tuesday Blitz"]
[Site "Chess.com"]
[Date "2021.02.02"]
[Round "1"]
[White "Sam_ChessMood"]
[Black "SanQui14"]
[Result "1-0"]
[WhiteElo "2840"]
[BlackElo "2433"]
[TimeControl "180+1"]
[EndTime "10:07:32 PST"]
[Termination "Sam_ChessMood won by resignation"]

1. d4 Nf6 2. Bf4 g6 3. Nc3 d5 4.
Nf3 Bg7 5. e3 O-O 6. Nb5 Na6 7.
h3 c6 8. Nc3 Nc7 9. Be2 Ne6 10.
Be5 b6 11. O-O Bb7 12. a4 c5 13. a5 Qd7 14. Bb5 Bc6 15. Qe2 Bxb5 16. Qxb5 Qxb5 17.
Nxb5 a6 18. axb6 axb5 19. Rxa8 Rxa8 20. b7 Re8 21. b8=Q Rxb8 22. Bxb8 Nd7 23. Be5 Bxe5 24.
Nxe5 Nb6 25. Nc6 Kf8 26. Ra1 Na4 27. b3 Nc3 28. Ra8+ Kg7 29. dxc5 Nxc5 30. Nxe7 d4 31. exd4 Ne2+ 32. Kh2 Nxd4 33. Nd5 Ne4 34. f3 Nd6 35. Ne3 b4 36. Rb8 f5 37. Rxb4 N6b5 38. c3 f4 39.
Nd1 1-0

[Event "*** Titled Tuesday Blitz"]
[Site "Chess.com"]
[Date "2021.02.02"]
[Round "1"]
[White "leejunhyeok"]
[Black "CM_rui"]
[Result "1-0"]
[WhiteElo "2646"]
[BlackElo "2343"]
[TimeControl "180+1"]
[EndTime "10:07:32 PST"]
[Termination "leejunhyeok won by resignation"]

1. e4 e5 2. Nf3 Nc6 3. Be2 Nf6 4. d3 d5 5. Nbd2 Bc5 6. O-O O-O 7.
c3 h6 8. b3 a5 9. a3 Be6 10. Bb2 Qe7 11. Qc2 Rad8 12. b4 Bb6 13. b5 Na7 14. Nxe5 Nxb5 15. exd5 Bxd5 16. Ndf3 Be6 17. d4 Nd6 18. c4 Bf5 19. Qb3 Nde4 20. a4 Ng4 21. Ba3 Bc5 22. Nxg4 Bxa3 23. Ne3 Bb4 24. Nxf5 Qf6 25. Ne3 g5 26. Nd5 Qg7 27. Bd3 Nd2 28. Nxd2 Bxd2 29. Rad1 Bf4 30. Be4 Kh8 31.
Nxf4 gxf4 32. Qxb7 Rxd4 33. Bf3 Rxd1 34. Rxd1 Rg8 35.
Qxc7 Qc3 36. Qxf4 Qc2 37. Qxh6+ Qh7 38. Qxh7+ Kxh7 39. c5 Rg7 40. c6 f6 41. Rc1 Rc7 42. Bg4 Kg7 43. Bd7 Kg6 44. Rb1 Kg5 45. Rb7 Rxd7 46. cxd7 1-0

[Event "*** Titled Tuesday Blitz"]
[Site "Chess.com"]
[Date "2021.02.02"]
[Round "1"]
[White "korbul"]
[Black "isla88"]
[Result "1-0"]
[WhiteElo "2614"]
[BlackElo "2312"]
[TimeControl "180+1"]
[EndTime "10:07:33 PST"]
[Termination "korbul won by checkmate"]

1. d4 d6 2. e4 Nf6 3. f3 c6 4.
c4 g6 5. Nc3 Bg7 6. Bg5 a6 7. Qd2 b5 8. h4 h6 9. Be3 Nbd7 10. g4 Qa5 11. Nge2 b4 12. Nd1 c5 13.
d5 Nb6 14. Ng3 Na4 15. Be2 Qc7 16. h5 gxh5 17. Nf5 Bxf5 18. gxf5 O-O-O 19. Qc2 Qa5 20.
Kf2 Rhg8 21. a3 Nb6 22. axb4 Qxa1 23. bxc5 dxc5 24. Bxc5 Qa4 25. b3 Qa5 26. b4 Qa4 27. Qd2 Nbd7 28. Bd4 a5 29. bxa5 e6 30. Nc3 Qxa5 31.
Rb1 exd5 32. Qb2 Qa8 33. cxd5 Ng4+ 34. fxg4 Bxd4+ 35. Kf1 hxg4 36. Qb4 Bc5 37. Qc4 Qa7 38. Nb5 Ne5 39. Nxa7+ Kd7 40. Qxc5 g3 41. Qc6+ Ke7 42.
f6+ Kf8 43. Qc5+ Ke8 44. Qe7# 1-0

[Event "*** Titled Tuesday Blitz"]
[Site "Chess.com"]
[Date "2021.02.02"]
[Round "1"]
[White "Das_Virus_2020"]
[Black "Murad_Ibrahimli"]
[Result "0-1"]
[WhiteElo "2439"]
[BlackElo "2855"]
[TimeControl "180+1"]
[EndTime "10:07:34 PST"]
[Termination "Murad_Ibrahimli won on time"]

1. e4 c5 2. c3 d5 3. exd5 Qxd5 4. d4 g6 5. Nf3 Bg7 6. Be2 Nf6 7. O-O O-O 8. Be3 cxd4 9. cxd4 Na6 10. Nc3 Qd6 11.
Ne5 Nc7 12. Bf3 Ncd5 13. Bg5 Be6 14. Re1 Rac8 15. Rc1 Rfd8 16. Qe2 a6 17. Red1 b5 18. Bh4 Nxc3 19. bxc3 Nd5 20. c4 bxc4 21. Nxc4 Qb4 22.
a3 Qb5 23. Ne5 Qxe2 24. Bxe2 Nc3 25. Rxc3 Rxc3 26. Bxe7 Rdc8 27. h3 Rc1 28. Rxc1 Rxc1+ 29. Kh2 a5 30. Bd8 a4 31. Bb5 Bb3 32. Be7 Rc2 33. Kg3 Rd2 34. Bb4 Rxd4 35. Nc6 Rd1 36. Ne7+ Kh8 37.
Nc8 h5 38. Nb6 Be5+ 39. f4 Bd4 40.
Nxa4 Bxa4 41. Bxa4 Rd3+ 42. Kh2 h4 43. Bd6 Kh7 44.
f5 gxf5 0-1

[Event "*** Titled Tuesday Blitz"]
[Site "Chess.com"]
[Date "2021.02.02"]
[Round "1"]
[White "Supernotar"]
[Black "Tsyhanchuk_Stanislav"]
[Result "0-1"]
[WhiteElo "2788"]
[BlackElo "2430"]
[TimeControl "180+1"]
[EndTime "10:07:34 PST"]
[Termination "Tsyhanchuk_Stanislav won by resignation"]

1. d4 Nf6 2. c4 g6 3. Nc3 Bg7 4. e4 O-O 5. Be2 c5 6. d5 d6 7.
Nf3 e6 8. O-O exd5 9. exd5 Re8 10.
h3 Bf5 11. Bd3 Ne4 12. Nxe4 Bxe4 13. Bxe4 Rxe4 14. Qc2 Re8 15. Bd2 Nd7 16. Bc3 Bxc3 17. Qxc3 Qf6 18. Qxf6 Nxf6 19. Rfe1 a6 20. a4 b5 21.
axb5 axb5 22. b3 bxc4 23. bxc4 Rxa1 24. Rxa1 Re4 25. Ng5 Rxc4 26. Ra8+ Kg7 27. Ra7 Ne4 28. Nxf7 Kf6 29. f3 Nc3 30. Nxd6 Rd4 31. Ne8+ Ke5 32.
d6 Ke6 33. Re7+ Kf5 34. d7 c4 35. g4+ Kf4 36. Ng7 Kg3 37. Kf1 Rd1+ 38. Re1 Rxd7 39. Ne6 Rd2 40. Ng5 Rf2+ 41. Kg1 Ne2+ 42. Rxe2 Rxe2 43. Ne4+ Rxe4 44. fxe4 c3 0-1

[Event "*** Titled Tuesday Blitz"]
[Site "Chess.com"]
[Date "2021.02.02"]
[Round "1"]
[White "ChelsieMonica"]
[Black "OK97"]
[Result "0-1"]
[WhiteElo "2405"]
[BlackElo "2782"]
[TimeControl "180+1"]
[EndTime "10:07:34 PST"]
[Termination "OK97 won by resignation"]

1. c4 e5 2. Nc3 Nf6 3. g3 d5 4. cxd5 Nxd5 5. Bg2 Nxc3 6. bxc3 Bc5 7. Nf3 Nc6 8. O-O O-O 9. Bb2 e4 10. Ne1 Re8 11. d4 exd3 12. exd3 Bf5 13. d4 Bd6 14. c4 Qd7 15. c5 Bf8 16. d5 Ne5 17. Rc1 Bg4 18. f3 Bh3 19. Rf2 Rad8 20. f4 Bxg2 21. Nxg2 Ng4 22. Rd2 Qf5 23. Qf3 h5 24. h3 Nh6 25.
Kh2 Rd7 26. Rd3 Qe4 27. Qxe4 Rxe4 28. c6 bxc6 29. Rxc6 Re2 30. Be5 Bd6 31. Bxd6 cxd6 32. Ra3 Nf5 33. Kg1 Rb7 34. Rb3 Rbe7 35. g4 Nd4 36.
Rc8+ Kh7 37. Rb1 Nf3+ 38. Kh1 Rxa2 39. gxh5 Ree2 40. Rc3 Nd2 41. Rg1 Ne4 42. Rd3 Nf2+ 0-1

[Event "*** Titled Tuesday Blitz"]
[Site "Chess.com"]
[Date "2021.02.02"]
[Round "1"]
[White "sorrm8thatscheckm8"]
[Black "Cambek64"]
[Result "1-0"]
[WhiteElo "2576"]
[BlackElo "2271"]
[TimeControl "180+1"]
[EndTime "10:07:34 PST"]
[Termination "sorrm8thatscheckm8 won by resignation"]

1. d4 e6 2. c4 Nf6 3. Nf3 c5 4.
d5 exd5 5. cxd5 d6 6. e4 g6 7.
Bd3 Bg7 8. h3 O-O 9. O-O a6 10. a4 Re8 11. Re1 Nbd7 12. Nbd2 Ne5 13. Nxe5 dxe5 14. a5 Nh5 15. Nc4 Nf4 16. Bxf4 exf4 17.
Bf1 Bd4 18. Qf3 Qh4 19. Rad1 Bd7 20. Nb6 Rad8 21. Rxd4 cxd4 22. e5 Bf5 23. Bc4 Qe7 24. Qxf4 Qb4 25. Rd1 Qxa5 26. Qxd4 Re7 27. f4 h5 28. d6 Red7 29. b4 Qa3 30. Nxd7 Rxd7 31. Be2 Bxh3 32. gxh3 Qg3+ 33. Kf1 Qxh3+ 34. Ke1 Qg3+ 35.
Kd2 h4 36. Rg1 Qb3 37. f5 Qa2+ 38. Ke1 Qb1+ 39. Kd2 Qxf5 40. Bg4 Qg5+ 41. Kc2 h3 42. Bxd7 Qh5 43. Bg4 1-0